 Dungeon Crawl Stone Soup version 0.19-a0-1732-g0b18a7b (webtiles) character file.

217 Ijustatesigmund the Magician (level 5, -19/25 HPs)
             Began as a Spriggan Wizard on Sept 30, 2016.
             Killed from afar by Pikel (29 damage)
             ... with a wand of acid
             ... on level 4 of the Dungeon.
             The game lasted 00:20:52 (4942 turns).

Ijustatesigmund the Magician (Spriggan Wizard)      Turns: 4942, Time: 00:20:53

Health: -19/25     AC:  3    Str:  3    XL:     5   Next: 62%
Magic:  13/13      EV: 20    Int: 20    God:
Gold:   169        SH:  0    Dex: 15    Spells: 5 memorised, 6 levels left

rFire  . . .     SeeInvis +     k - +2 dagger (vamp)
rCold  . . .     Gourm    .     a - +0 robe
rNeg   . . .     Faith    .     (shield restricted)
rPois  .         Spirit   .     b - +0 hat
rElec  .         Dismiss  .     m - +0 cloak
rCorr  .         Reflect  .     (gloves unavailable)
MR     .....     Harm     .     (boots unavailable)
Stlth  ++........               (no amulet)
                                (no ring)
                                (no ring)

@: repel missiles, very quick
A: unfitting armour, see invisible, herbivore 3, speed 3, slow metabolism 2
a: no special abilities


You were on level 4 of the Dungeon.
You were full.

You visited 1 branch of the dungeon, and saw 4 of its levels.

You collected 169 gold pieces.

Inventory:

Hand Weapons
 e - a +1 short sword
 k - a +2 vampiric dagger (weapon)
Armour
 a - a +0 robe (worn)
 b - a +0 hat (worn)
 m - a +0 cloak (worn)
Wands
 g - a wand of polymorph (0/24)
 j - a wand of iceblast (0/15)
 l - a wand of paralysis (6/24)
 s - a wand of acid (0/15)
Scrolls
 h - 3 scrolls of remove curse
 p - a scroll of fog {unknown}
Potions
 i - a potion of mutation
 o - a potion of invisibility {unknown}
 q - a potion of might
 r - 2 potions of heal wounds {unknown}
Books
 c - a book of Minor Magic

   Spells                             Type                      Level
   a - Magic Dart                     Conjuration                  1
   b - Blink                          Translocation                2
   c - Call Imp                       Summoning                    2
   d - Repel Missiles                 Charms/Air                   2
   e - Slow                           Hexes                        2
   f - Conjure Flame                  Conjuration/Fire             3
   g - Mephitic Cloud                 Conjuration/Poison/Air       3
 f - a book of Cantrips

   Spells                             Type                      Level
   a - Confusing Touch                Hexes                        1
   b - Animate Skeleton               Necromancy                   1
   c - Summon Small Mammal            Summoning                    1
   d - Apportation                    Translocation                1
 n - a book of Misfortune

   Spells                             Type                      Level
   a - Confusing Touch                Hexes                        1
   b - Confuse                        Hexes                        3
   c - Gell's Gravitas                Hexes/Translocation          3
   d - Petrify                        Transmutation/Earth          4
   e - Metabolic Englaciation         Hexes/Ice                    5
   f - Yara's Violent Unravelling     Hexes/Transmutation          5
Comestibles
 d - a bread ration


   Skills:
 + Level 1.3 Fighting
 + Level 1.8 Short Blades
 - Level 5.0 Dodging
 - Level 3.0 Stealth
 - Level 5.4 Spellcasting
 + Level 0.7 Conjurations
 - Level 0.7 Summonings
 - Level 3.7 Translocations


You had 6 spell levels left.
You knew the following spells:

 Your Spells              Type           Power        Failure   Level  Hunger
a - Magic Dart            Conj           #...         10%         1    None
b - Blink                 Tloc           N/A          3%          2    None
c - Repel Missiles        Chrm/Air       #.....       21%         2    None
d - Call Imp              Summ           #.......     14%         2    None
e - Apportation           Tloc           ###.......   2%          1    None


Dungeon Overview and Level Annotations

Branches:
Dungeon (4/15)
 Temple: D:4-7

Altars:
Ru

Annotations:
D:4 Pikel


Innate Abilities, Weirdness & Mutations

You are very small and have problems with some larger weapons.
You are too small for most types of armour.
You have supernaturally acute eyesight. (SInv)
You are a herbivore.
You cover ground extremely quickly.
You need consume almost no food.


Message History

Pikel is severely wounded.
The bolt of acid misses the slave.
Evoking this partially-identified wand wasted a few charges.
Pikel hits you with a whip of freezing. Pikel freezes you.
Evoke which item? (* to show all) (? for menu, Esc to quit)
Zapping:
s - a wand of acid {zapped: 4} (will waste charges)
Press: ? - help, Shift-Dir - straight line, f/p - Pikel
Aim: Pikel, wielding a whip of freezing, wearing a robe and carrying a wand of acid {zapped: 1} (heavily wounded, covered in acid)
The bolt of acid misses Pikel.
The bolt of acid hits the slave.
The slave is splashed with acid.
The acid corrodes the slave!
The slave is moderately wounded.
Evoking this partially-identified wand wasted a few charges.
Pikel hits you with a whip of freezing! Pikel freezes you.
Evoke which item? (* to show all) (? for menu, Esc to quit)
Zapping:
j - a wand of iceblast {zapped: 5} (will waste charges)
Press: ? - help, Shift-Dir - straight line, f/p - Pikel
Aim: Pikel, wielding a whip of freezing, wearing a robe and carrying a wand of acid {zapped: 1} (heavily wounded, covered in acid) Nothing appears to happen.
Pikel zaps a wand.
The bolt of acid hits you!
Ouch! That really hurt!
You die...

###
#######<#########
...##<.........##
###.###.##........
#@......##.####.##
#.#.######.# #[#
####.#.######.#
#[#
#.#...K...p..##.#
#.#
#.....p..###>##.#
#.# ###.##.###
#.##.# #.# #. #.#
#.##.# #.# # #.#
#.# #.# #.. #.#
#.#


You could see Pikel and a slave.

Vanquished Creatures
  2 slaves (D:4)
  A crimson imp (D:3)
  Ijyb (D:2)
  Robin (D:1)
  4 adders
  An ooze (D:1)
  A worm (D:3)
  3 dart slugs
  2 leopard geckos (D:3)
  7 orcs (D:3)
  4 giant cockroaches (D:2)
  16 goblins
  8 hobgoblins
  7 kobolds
  A quokka (D:2)
  7 bats
  6 frilled lizards
  3 rats
75 creatures vanquished.

Vanquished Creatures (collateral kills)
  A worker ant (D:4)
  A worm (D:1)
2 creatures vanquished.

Grand Total: 77 creatures vanquished

Notes
Turn   | Place    | Note
-------+----------+-------------------------------------------
     0 | D:1      | Ijustatesigmund the Spriggan Wizard began the quest for the Orb.
     0 | D:1      | Reached XP level 1. HP: 9/9 MP: 6/6
   133 | D:1      | Reached XP level 2. HP: 13/13 MP: 0/8
   204 | D:1      | Learned a level 2 spell: Blink
   207 | D:1      | Learned a level 2 spell: Repel Missiles
   947 | D:2      | Noticed Robin
   965 | D:1      | Reached XP level 3. HP: 14/16 MP: 2/10
  1319 | D:1      | Killed Robin
  1319 | D:1      | Reached skill level 5 in Spellcasting
  1405 | D:1      | Learned a level 2 spell: Call Imp
  1490 | D:2      | Learned a level 1 spell: Apportation
  1495 | D:2      | Noticed Ijyb
  1549 | D:2      | Killed Ijyb
  1549 | D:2      | Reached XP level 4. HP: 1/21 MP: 0/12
  1859 | D:2      | Reached skill level 5 in Dodging
  3022 | D:3      | Found a sacrificial altar of Ru.
  3518 | D:3      | Reached XP level 5. HP: 25/25 MP: 6/13
  3636 | D:3      | Reached skill level 1 in Fighting
  3636 | D:3      | Reached skill level 1 in Short Blades
  4740 | D:4      | Noticed Pikel
  4743 | D:4      | Noticed a slave
  4744 | D:4      | Noticed a slave
  4746 | D:4      | Noticed a slave
  4786 | D:4      | Killed a slave
  4786 | D:4      | Killed a slave
  4932 | D:4      | Noticed a slave
  4942 | D:4      | Killed from afar by Pikel

Vault maps used:
D:1:      minmay_arrival_four_houses, serial_glass, glass_columns_a,
          glass_columns_c
D:2:      first_bread, uniq_robin, uniq_iyjb
D:3:      hangedman_ru_absence, minmay_fountain_box
D:4:      lemuel_crystal_altar, serial_shops,
          nicolae_shop_temple_entry_statues_fountains, uniq_pikel,
          uniq_eustachio, uniq_grinder, uniq_duvessa

Skill      XL: |  1  2  3  4  5 |
---------------+----------------+-----
Dodging        | 4 5 |  5.0
Spellcasting   | 5 |  5.4
Translocations | 2 3 |  3.7
Fighting       | 1 |  1.3
Short Blades   | 1 |  1.8
Stealth        | |  3.0
Conjurations   | |  0.7
Summonings     | |  0.7

Action                   |  1- 3 |  4- 6 || total
-------------------------+-------+-------++-------
Melee: Short sword       |    40 |       ||    40
       Dagger            |       |   163 ||   163
 Cast: Magic Dart        |    99 |   161 ||   260
       Repel Missiles    |     1 |       ||     1
       Call Imp          |       |     5 ||     5
       Blink             |       |     2 ||     2
Evoke: Wand              |       |     8 ||     8
  Use: Scroll            |     6 |     2 ||     8
       Potion            |     1 |     1 ||     2
 Stab: Sleeping          |     1 |     3 ||     4
       Paralysed         |       |     2 ||     2
       Distracted        |       |     1 ||     1
  Eat: Bread ration      |       |     2 ||     2
Armor: Robe              |     5 |    21 ||    26
Dodge: Dodged            |    86 |   127 ||   213
